 Dungeon Crawl Stone Soup version 0.21.1-1-g345015f (webtiles) character file.

25 Kagorn the Skirmisher (level 3, 0/23 HPs)
             Began as a Gargoyle Fighter on June 9, 2018.
             Slain by a frilled lizard (2 damage)
             ... on level 2 of the Dungeon.
             The game lasted 00:04:05 (625 turns).

Kagorn the Skirmisher (Gargoyle Fighter)             Turns: 625, Time: 00:04:08

Health: 0/23       AC: 12    Str: 24    XL:     3   Next: 4%
Magic:  3/3        EV:  7    Int:  8    God:
Gold:   73         SH:  9    Dex: 10    Spells: 2/2 levels left

rFire    . . .     SeeInvis .   a - +0 long sword
rCold    . . .     Gourm    .   c - +0 shield
rNeg     + . .     Faith    .   b - +0 scale mail
rPois    ∞         Spirit   .   (no helmet)
rElec    +         Reflect  .   h - +0 cloak
rCorr    .         Harm     .   j - +0 pair of gloves
MR       .....                  (no boots)
Stlth    ..........             (no amulet)
HPRegen  0.07/turn              (no ring)
MPRegen  0.08/turn              (no ring)

@: mighty
A: negative energy resistance 1, electricity resistance, unbreathing,
petrification resistance, rot immunity, AC +3
a: no special abilities


You were on level 2 of the Dungeon.
You were not hungry.

You visited 1 branch of the dungeon, and saw 2 of its levels.

You collected 73 gold pieces.

Inventory:

Hand Weapons
 a - a +0 long sword (weapon)
Armour
 b - a +0 scale mail (worn)
 c - a +0 shield (worn)
 h - a +0 cloak (worn)
 j - a +0 pair of gloves (worn)
Scrolls
 g - a scroll of remove curse {unknown}
 i - a scroll of immolation {unknown}
Potions
 e - a potion of magic {unknown}
Comestibles
 f - a ration


   Skills:
 + Level 3.5 Fighting
 + Level 2.0 Long Blades
 + Level 3.5 Armour
 + Level 0.5 Dodging
 + Level 1.0 Stealth
 + Level 3.5 Shields


You had 2 spell levels left.
You didn't know any spells.

Dungeon Overview and Level Annotations

Branches:
Dungeon (2/15)

Altars:


Innate Abilities, Weirdness & Mutations

You are resistant to torment.
Your stone body is resilient. (AC +3)
You are immune to poison.
You resist negative energy. (rN+)
You are resistant to electric shocks. (rElec)
You can survive without breathing.
You are immune to petrification.
You are immune to rotting.


Message History

You block the goblin's attack.
You slash the adder!
You kill the adder!
Your Long Blades skill increases to level 2!
Your Stealth skill increases to level 1!
You have reached level 3!
Your experience leads to an increase in your attributes!
Your base attributes are Str 19, Int 8, Dex 9.
Increase (S)trength, (I)ntelligence, or (D)exterity?
You feel agile. You block the frilled lizard's attack.
The goblin hits you but does no damage. The bullfrog barely misses you.
You riposte.
You slash the bullfrog!
The bullfrog is heavily wounded.
You completely miss the bullfrog.
The bullfrog is heavily wounded.
You block the bullfrog's attack. You block the frilled lizard's attack.
The goblin hits you but does no damage.
The bullfrog hits you but does no damage.
The frilled lizard bites you.
You die...

### .. #.### #
###....# #.
##.#.#.#
#.###......
##...l#.#.#.#.#.
#...@F.[<.......
#.###g#.#.#.#.#.
#.......
#.#.#.#.#
#.........
###.#.#.#.#
#######... ##


You could see a bullfrog, a goblin and a frilled lizard.

Vanquished Creatures
  An adder (D:2)
  A dart slug (D:1)
  2 leopard geckos (D:1)
  A ball python (D:2)
  A goblin (D:1)
  A hobgoblin (D:1)
  3 bats (D:1)
  2 kobolds (D:1)
  A rat (D:1)
13 creatures vanquished.

Vanquished Creatures (others)
  4 toadstools (D:1)
4 creatures vanquished.

Grand Total: 17 creatures vanquished

Notes
Turn   | Place    | Note
-------+----------+-------------------------------------------
     0 | D:1      | Kagorn the Gargoyle Fighter began the quest for the Orb.
     0 | D:1      | Reached XP level 1. HP: 14/14 MP: 1/1
   130 | D:1      | Reached XP level 2. HP: 19/19 MP: 2/2
   610 | D:2      | Noticed a bullfrog
   624 | D:2      | Reached skill level 1 in Stealth
   624 | D:2      | Reached XP level 3. HP: 2/23 MP: 3/3
   625 | D:2      | Slain by a frilled lizard

Skill      XL: |  1  2 |
---------------+-------+-----
Long Blades    | 2 |  2.0
Stealth        | 1 |  1.0
Fighting       | |  3.5
Armour         | |  3.5
Dodging        | |  0.5
Shields        | |  3.5

Action                   || total
-------------------------++-------
Melee: Long sword        ||    36
  Use: Potion            ||     1
Armor: Scale mail        ||    24
Dodge: Dodged            ||    20
Block: Shield            ||    44
       Rpst.: Long sword ||    10
